 Dungeon Crawl Stone Soup version 0.31-a0-366-ga77b45bd9b (webtiles) character file.

Game seed: 8299968465629967429

207 AdnanSaban the Trooper (level 5, -1/33 HPs)
             Began as a Gargoyle Fighter on July 28, 2023.
             Slain by an iguana (9 damage)
             ... on level 4 of the Dungeon.
             The game lasted 00:02:05 (2420 turns).

AdnanSaban the Trooper (Gargoyle Fighter)           Turns: 2420, Time: 00:02:05

Health: -1/33      AC: 11    Str: 22    XL:     5   Next: 85%
Magic:  5/5        EV:  9    Int:  8    God:
Gold:   132        SH:  4    Dex:  9    Spells: 4/4 levels left

rFire   . . .        a - +0 flail
rCold   . . .        c - +0 buckler
rNeg    + . .        b - +0 scale mail
rPois   ∞            (no helmet)
rElec   +            (no cloak)
rCorr   .            (no gloves)
SInv    .            (no boots)
Will    .....        (no amulet) Stlth
                     (no ring)
HPRegen 0.25/turn    (no ring)
MPRegen 0.09/turn

%: no passive effects
@: no status effects
A: sickness immunity, AC +4, negative energy resistance 1, electricity
resistance, torment resistance 1, petrification resistance
a: no special abilities


You were on level 4 of the Dungeon.
You visited 1 branch of the dungeon, and saw 4 of its levels.

You collected 132 gold pieces.

Inventory:

Hand Weapons
 a - a +0 flail (weapon)
Missiles
 u - 4 poisoned darts
Armour
 b - a +0 scale mail (worn)
 c - a +0 buckler (worn)
Jewellery
 h - a +4 ring of protection
 k - a ring of fire
 l - a ring of protection from cold
 s - a +6 ring of dexterity
 t - a ring of magical power
Scrolls
 e - 6 scrolls of revelation {unknown}
 f - a scroll of vulnerability {unknown}
 i - a scroll of enchant weapon {unknown}
 j - 5 scrolls of teleportation {unknown}
 o - a scroll of fog {unknown}
 q - 2 scrolls of blinking {unknown}
 r - a scroll of identify {unknown}
 v - a scroll of immolation {unknown}
Potions
 d - a potion of might
 g - a potion of brilliance {unknown}
 m - 3 potions of heal wounds {unknown}
 n - a potion of haste {unknown}
 p - a potion of degeneration {unknown}
 w - a potion of berserk rage {unknown}
 x - a potion of ambrosia {unknown}
 z - a potion of curing {unknown}


   Skills:
 + Level 4.1 Fighting
 + Level 4.1 Maces & Flails
 + Level 4.0 Armour
 + Level 1.0 Dodging
 + Level 4.0 Shields


You had 4 spell levels left.
You didn't know any spells.
Your spell library contained the following spells:

 Spells                   Type           Power      Damage    Failure   Level
 Summon Guardian Golem    Hex/Summ       0%         N/A       99%         3
 Orb of Destruction       Conj           0%         9d5       100%        7
 Spellforged Servitor     Conj/Summ      0%         N/A       100%        7


Dungeon Overview and Level Annotations

Branches:
Dungeon (4/15)
 Temple: D:4-7

Altars:

Shops:
D:3 [

Annotations:
D:3 2 transporters


Innate Abilities, Weirdness & Mutations

You are immune to sickness and miasma.
Your stone body is resilient. (AC +4)
You are immune to poison.
You resist negative energy. (rN+)
You are resistant to electric shocks. (rElec)
You are resistant to unholy torment.
You are immune to petrification.


Message History

The endoplasm freezes you.
You are frozen.
You hit the iguana.
The iguana is severely wounded.
The iguana bites you. The endoplasm freezes you.
You are frozen.
You block the endoplasm's attack. The iguana closely misses you.
You are too injured to fight recklessly!
You are too injured to fight recklessly!
You are too injured to fight recklessly!
You are too injured to fight recklessly!
You are too injured to fight recklessly!
You are too injured to fight recklessly!
You are too injured to fight recklessly!
You are too injured to fight recklessly!
You are too injured to fight recklessly!
You are too injured to fight recklessly!
You are too injured to fight recklessly!
You are too injured to fight recklessly!
You are too injured to fight recklessly!
You are too injured to fight recklessly!
Unknown command.
You hit the iguana but do no damage.
The iguana is severely wounded.
The endoplasm misses you. The iguana bites you.
You closely miss the iguana.
The iguana is severely wounded.
The iguana bites you but does no damage.
The endoplasm hits you but does no damage.
You closely miss the iguana.
The iguana is severely wounded.
The iguana closely misses you. The endoplasm freezes you.
You are frozen.
* * * LOW HITPOINT WARNING * * *
You completely miss the iguana.
The iguana is severely wounded.
The iguana bites you!
You die...

.... ... ... ..
.# #######.###
#.....lJ..#
#.....@...#
#....$....###.
#....$........
#.........####
#.........#
#.........#####
#####.........#
##...........#
##>...........#


You could see an iguana and an endoplasm.

Vanquished Creatures
  A water moccasin (D:3)
  4 adders (D:3)
  An ufetubus (D:4)
  An orc (D:4)
  5 bats
  6 endoplasms
  4 giant cockroaches
  8 hobgoblins
  2 jackals (D:3)
  3 quokkas
  A ball python (D:1)
  4 frilled lizards
  9 goblins
  6 kobolds
  5 rats
60 creatures vanquished.

Notes
Turn   | Place    | Note
-------+----------+-------------------------------------------
     0 | D:1      | AdnanSaban the Gargoyle Fighter began the quest for the
                  | Orb.
     0 | D:1      | Reached XP level 1. HP: 14/14 MP: 1/1
   110 | D:1      | Reached XP level 2. HP: 19/19 MP: 2/2
   401 | D:1      | Found a faded altar of an unknown god.
   716 | D:2      | Identified the +7 war axe of Doubt {freeze, Fly rC+ rN++}
   760 | D:2      | Reached XP level 3. HP: 18/23 MP: 3/3
  1319 | D:3      | Reached XP level 4. HP: 26/29 MP: 4/4
  1357 | D:3      | Found a transporter.
  1769 | D:3      | Found Qobiel's Armour Boutique.
  1772 | D:3      | Noticed a water moccasin
  1782 | D:3      | Killed a water moccasin
  1783 | D:3      | Reached XP level 5. HP: 28/33 MP: 5/5
  1860 | D:3      | Found a transporter.
  2410 | D:4      | Reached skill level 1 in Dodging
  2420 | D:4      | Slain by an iguana

Illustrated notes

Levels and vault maps discovered:
D:1:      doesnt_arrival_eight_statues, layout_basic,
          ebering_ecumenical_altar_sacrificial
D:2:      layout_loops_ring
D:3:      gammafunk_steamed_eel, layout_basic, serial_shops, shop,
          minmay_goblin_outpost
D:4:      layout_rooms, nicolae_qazlal_beasts_of_the_sky

Skill      XL: |  1  2  3  4  5 |
---------------+----------------+-----
Maces & Flails | 3 4 |  4.1
Fighting       | 4 |  4.1
Shields        | 4 |  4.0
Armour         | 4 |  4.0
Dodging        | 1 |  1.0

Action                     |  1- 3 |  4- 6 || total
---------------------------+-------+-------++-------
  Melee: Flail             |   111 |    89 ||   200
 Armour: Scale mail        |    45 |    45 ||    90
  Dodge: Dodged            |    58 |    50 ||   108
  Block: Buckler           |    26 |    25 ||    51

Table legend: (Time is in decaauts)
 A = Elapsed time spent in this place.
 B = Non-inter-level travel time spent in this place.
 C = Inter-level travel time spent in this place.
 D = Time resting spent in this place.
 E = Time spent auto-exploring this place.
 F = Levels seen in this place.
 G = Mean time per level.
                   A        B        C        D        E       F      G
               +--------+--------+--------+--------+--------+-----+--------+
         Total |   2475 |   2376 |     99 |      0 |   1918 |   4 |  618.8 |
       Dungeon |   2475 |   2376 |     99 |      0 |   1918 |   4 |  618.8 |
               +--------+--------+--------+--------+--------+-----+--------+

Top non-repeatable levels by time:
     D:3: 1097 daAuts
     D:2: 728 daAuts
     D:1: 555 daAuts
     D:4: 93 daAuts
